 Dungeon Crawl Stone Soup version 0.19-a0-1210-g5c1aa26 (webtiles) character file.

65 Bulldog the Sneak (level 3, -1/16 HPs)
             Began as a Spriggan Enchanter on Aug 22, 2016.
             Slain by a gnoll
             ... wielding a +0 club
              (8 damage)
             ... on level 2 of the Dungeon.
             The game lasted 00:09:04 (2079 turns).

Bulldog the Sneak (Spriggan Enchanter)              Turns: 2079, Time: 00:09:05

Health: -1/16      AC:  3    Str:  4    XL:     3   Next: 92%
Magic:  1/8        EV: 24    Int: 17    God:
Gold:   66         SH:  0    Dex: 21    Spells: 3 memorised, 1 level left

rFire  . . .     SeeInvis +     a - +1 dagger
rCold  . . .     Gourm    .     b - +1 robe
rNeg   . . .     Faith    .     (shield restricted)
rPois  .         Spirit   .     (helmet restricted)
rElec  .         Dismiss  .     (no cloak)
rCorr  .         Reflect  .     (gloves unavailable)
MR     .....     Harm     .     (boots unavailable)
Stlth  +++++.....               (no amulet)
                                (no ring)
                                (no ring)

@: agile, flying, very slightly contaminated, very quick
A: unfitting armour, see invisible, herbivore 3, speed 3, slow metabolism 2
a: no special abilities


You were on level 2 of the Dungeon.
You were not hungry.

You visited 1 branch of the dungeon, and saw 2 of its levels.

You collected 66 gold pieces.

Inventory:

Hand Weapons
 a - a +1 dagger (weapon)
Armour
 b - a +1 robe (worn)
 g - a +0 cloak
Wands
 o - a wand of polymorph (7/24)
Scrolls
 e - 3 scrolls of magic mapping {unknown}
 h - 4 scrolls of identify {unknown}
 i - 2 scrolls of recharging {unknown}
 j - a scroll of fog {unknown}
 k - a scroll of teleportation {unknown}
 m - 3 scrolls of remove curse {unknown}
Books
 c - a book of Maledictions

   Spells                             Type                      Level
   a - Corona                         Hexes                        1
   b - Ensorcelled Hibernation        Hexes/Ice                    2
   c - Confuse                        Hexes                        3
   d - Tukima's Dance                 Hexes                        3
   e - Dazzling Spray                 Conjuration/Hexes            3
Comestibles
 d - 2 bread rations
 l - a royal jelly


   Skills:
 + Level 2.9 Short Blades
 - Level 3.0 Dodging
 + Level 6.2 Stealth
 - Level 2.6 Spellcasting
 - Level 3.6 Hexes


You had one spell level left.
You knew the following spells:

 Your Spells              Type           Power        Failure   Level  Hunger
a - Corona                Hex            ##.....      4%          1    #......
b - Ensorcelled Hibernat  Hex/Ice        #.....       17%         2    ##.....
c - Tukima's Dance        Hex            ##......     14%         3    ###....


Dungeon Overview and Level Annotations

Branches:
Dungeon (2/15)

Altars:
Uskayaw
The Shining One


Innate Abilities, Weirdness & Mutations

You are tiny and cannot use many weapons and most armour.
You have supernaturally acute eyesight. (SInv)
You are a herbivore.
You cover ground extremely quickly.
You need consume almost no food.


Message History

Zapping:
o - a wand of polymorph {zapped: 2} (will waste charges)
Press: ? - help, Shift-Dir - straight line, f/p - gnoll
Aim: a gnoll, wielding a club (chance to defeat MR: 54%)
The gnoll resists with significant effort.
Evoking this partially-identified wand wasted a few charges.
The gnoll misses you.
A gnoll is nearby!
It was a potion of flight.
You feel very buoyant.
You fly up into the air.
The gnoll barely misses you.
It was a potion of agility.
You feel agile all of a sudden. The gnoll completely misses you.
You hit the gnoll but do no damage. You hit the gnoll but do no damage.
The gnoll completely misses you.
You closely miss the gnoll. The gnoll misses you.
You closely miss the gnoll. The gnoll completely misses you.
You closely miss the gnoll. The gnoll hits you with a club!
Ouch! That really hurt!
You die...

#.# #.# #.†.# #..## #.#
#.# ##.### #...# #.#
#.####.#.####.# #.#.###
# #.# #.....###.....#
#.....# # #.#
######.#.######
#.....##### #.# ##.##
#.......... #.# ###
#.....#.### ..#
###########..........
###
#≈_#@g............... #
####.#########...##.###
# #..'.# ##.###.# #
#########.##.# #......#
###.........#≈_#
#..#####
....######.##### #..#
##### #.# #..# ##.##
#..# ##...## #..#


You could see a gnoll.

Vanquished Creatures
  A gnoll (D:1)
  An adder (D:2)
  2 worms
  4 dart slugs
  3 giant geckos (D:1)
  2 bats (D:1)
  A giant cockroach (D:2)
  A goblin (D:1)
  3 hobgoblins
  4 kobolds
  3 giant newts (D:1)
  6 rats
31 creatures vanquished.

Notes
Turn   | Place    | Note
-------+----------+-------------------------------------------
     0 | D:1      | Bulldog the Spriggan Enchanter began the quest for the Orb.
     0 | D:1      | Reached XP level 1. HP: 9/9 MP: 5/5
     8 | D:1      | Reached skill level 5 in Stealth
     8 | D:1      | Reached XP level 2. HP: 13/13 MP: 6/6
   458 | D:1      | Learned a level 2 spell: Ensorcelled Hibernation
  1141 | D:1      | Reached XP level 3. HP: 16/16 MP: 2/8
  1194 | D:1      | Learned a level 3 spell: Tukima's Dance
  1855 | D:2      | Found a faded altar of an unknown god.
  1871 | D:2      | Reached skill level 6 in Stealth
  1974 | D:2      | Found a glowing golden altar of the Shining One.
  1974 | D:2      | Found a hide-covered altar of Uskayaw.
  2079 | D:2      | Slain by a gnoll

Vault maps used:
D:1:      dpeg_arrival_long_road
D:2:      nicolae_ru_sacrificial_ziggurat, gammafunk_temple_overflow_elements,
          ecumenical_altar_2, minmay_large_rounded_square

Skill      XL: |  1  2  3 |
---------------+----------+-----
Stealth        | 5 6 |  6.2
Short Blades   | 2 |  2.9
Dodging        | |  3.0
Spellcasting   | |  2.6
Hexes          | |  3.6

Action                   || total
-------------------------++-------
Melee: Dagger            ||    78
 Cast: Ensorcelled Hiber ||    18
Evoke: Wand              ||     2
  Use: Potion            ||     2
 Stab: Sleeping          ||    22
Armor: Robe              ||     4
Dodge: Dodged            ||    50
